 Dungeon Crawl Stone Soup version 0.21-a0-351-g38363bb (webtiles) character file.

96 nikopol the Chopper (level 4, -2/40 HPs)
             Began as a Hill Orc Fighter on Oct 9, 2017.
             Slain by nikopol's ghost (8 damage)
             ... on level 3 of the Dungeon.
             The game lasted 00:04:07 (2049 turns).

nikopol the Chopper (Hill Orc Fighter)              Turns: 2049, Time: 00:04:07

Health: -2/40      AC:  8    Str: 24    XL:     4   Next: 67%
Magic:  0/4        EV:  7    Int:  8    God:
Gold:   166        SH: 10    Dex: 10    Spells: 3/3 levels left

rFire    . . .     SeeInvis .   a - +0 war axe
rCold    . . .     Gourm    .   c - +1 shield
rNeg     . . .     Faith    .   b - +0 scale mail
rPois    .         Spirit   +   (no helmet)
rElec    .         Reflect  .   (no cloak)
rCorr    .         Harm     .   k - +0 pair of gloves
MR       .....                  (no boots)
Stlth    ..........             j - amulet of guardian spirit
HPRegen  0.13/turn              (no ring)
MPRegen  0.09/turn              (no ring)

@: mighty
A: no striking features
a: no special abilities


You were on level 3 of the Dungeon.
You were not hungry.

You visited 1 branch of the dungeon, and saw 3 of its levels.

You collected 166 gold pieces.

Inventory:

Hand Weapons
 a - a +0 war axe (weapon)
Missiles
 r - 7 tomahawks (quivered)
Armour
 b - a +0 scale mail (worn)
 c - a +1 shield (worn)
 k - a +0 pair of gloves (worn)
Jewellery
 j - an amulet of guardian spirit (around neck)
Scrolls
 g - 2 scrolls of remove curse
 h - 3 scrolls of identify
Potions
 e - a potion of lignification {unknown}
 i - 2 potions of agility
 m - a potion of mutation {unknown}
 o - a potion of degeneration {unknown}
 p - a potion of curing {unknown}
 t - a potion of flight {unknown}
Comestibles
 f - a bread ration
 l - 2 royal jellies
 n - 2 chunks of flesh


   Skills:
 + Level 4.0 Fighting
 + Level 4.7 Axes
 + Level 3.9 Armour
 + Level 0.3 Dodging
 + Level 3.8 Shields


You had 3 spell levels left.
You didn't know any spells.

Dungeon Overview and Level Annotations

Branches:
Dungeon (3/15)

Altars:
Xom
The Shining One

Annotations:
D:3 nikopol's ghost, amateur HOFi


Message History

You are too injured to fight recklessly!
You are too injured to fight recklessly!
You are too injured to fight recklessly!
You are too injured to fight recklessly!
You are too injured to fight recklessly!
You are too injured to fight recklessly!
You are too injured to fight recklessly!
You are too injured to fight recklessly!
You are too injured to fight recklessly!
You are too injured to fight recklessly!
You are too injured to fight recklessly!
You are too injured to fight recklessly!
You are too injured to fight recklessly!
You feel very mighty all of a sudden. Nikopol's ghost hits you!
* * * LOW HITPOINT WARNING * * *
x2 You slash nikopol's ghost!
Nikopol's ghost is lightly damaged.
Nikopol's ghost hits you!
You die...

##..## #...#
##..## #...# #.
##..## ####...
##)))# .....
##..).# ...
#....## ### ###W#
#....# #.####.@.#
....## #.#....###
...#######.#.####
#............#
#...(......###
##........##
##......##
########


You could see nikopol's ghost.

Vanquished Creatures
  4 adders
  2 worms (D:2)
  A leopard gecko (D:2)
  4 orcs (D:3)
  5 bats
  A giant cockroach (D:3)
  10 goblins
  7 hobgoblins
  2 quokkas
  A ball python (D:2)
  2 frilled lizards
  4 kobolds
  6 rats
49 creatures vanquished.

Notes
Turn   | Place    | Note
-------+----------+-------------------------------------------
     0 | D:1      | nikopol the Hill Orc Fighter began the quest for the Orb.
     0 | D:1      | Reached XP level 1. HP: 19/19 MP: 1/1
   301 | D:1      | Reached XP level 2. HP: 27/27 MP: 2/2
   879 | D:2      | Reached XP level 3. HP: 32/33 MP: 3/3
  1371 | D:2      | Reached XP level 4. HP: 37/40 MP: 4/4
  1592 | D:2      | Found a shimmering altar of Xom.
  1956 | D:3      | Found a glowing golden altar of the Shining One.
  2036 | D:3      | Noticed nikopol's ghost (amateur HOFi)
  2049 | D:3      | Slain by nikopol's ghost

Vault maps used:
D:1:      tarquinn_simple_flora_water_d
D:2:      xom_teletrap_fun
D:3:      nicolae_tso_carved_into_rock, first_bread, portal_sewer_entry_a

Skill      XL: |  1  2  3  4 |
---------------+-------------+-----
Axes           | 3 4 |  4.7
Fighting       | 4 |  4.0
Armour         | |  3.9
Dodging        | |  0.3
Shields        | |  3.8

Action                   |  1- 3 |  4- 6 || total
-------------------------+-------+-------++-------
Melee: War axe           |   106 |    51 ||   157
  Use: Scroll            |       |     6 ||     6
       Potion            |       |     1 ||     1
  Eat: Chunk             |     2 |     2 ||     4
Armor: Scale mail        |    46 |    23 ||    69
Dodge: Dodged            |    24 |    10 ||    34
Block: Shield            |    70 |    26 ||    96

Table legend:
 A = Spawn XP
 B = Non-spawn XP
 C = Spawn XP percentage of total XP
 D = Spawn monster count
 E = Non-spawn monster count
 F = Spawn count percentage of total count
 G = Total turns spent on level
                    A         B        C        D         E        F      G
               +---------+---------+-------+---------+---------+-------+---------
         Total |       0 |     138 |   0.0 |       0 |      49 |   0.0 |  2049
               +---------+---------+-------+---------+---------+-------+---------
           D:1 |       0 |      33 |   0.0 |       0 |      20 |   0.0 |   824
           D:2 |       0 |      73 |   0.0 |       0 |      20 |   0.0 |  1092
           D:3 |       0 |      32 |   0.0 |       0 |       9 |   0.0 |   133
               +---------+---------+-------+---------+---------+-------+---------
